Map: Void Training Stage 3

Players

Player 2

  • Race: Terran Terran
  • Spawn Location: 6:00

zekealpha - Winner!

  • Race: Zerg Zerg
  • Spawn Location: 12:00

VOD

Have the link to the VOD?

Description

Time

  • Played on: Aug. 29, 2021, 9:26 a.m.
  • Length: 19:30
Show
View Real Time Build Order
Export as new Build Order

Player 2 Terran 

Build Orders:  

Get SALT Encoding   

  12  0:00  SCV  
  13  0:13  SCV  
  14  0:20  Supply Depot  
  14  0:25  SCV  
  15  0:41  SCV  
  16  0:43  Barracks  
  16  0:49  Refinery  
  16  0:53  SCV  
  17  1:05  SCV  
  18  1:17  Supply Depot  
  18  1:31  Barracks Tech Lab  
  18  1:32  Orbital Command  
  18  1:46  Barracks  
  18  1:49  Marauder  
  20  2:07  Supply Depot  
  20  2:08  SCV  
  20  2:10  Marine  
  22  2:17  Refinery  
  22  2:20  SCV  
  23  2:28  Marine  
  24  2:30  Engineering Bay  
  24  2:33  Marine, SCV  
  26  2:45  SCV  
  26  2:46  Marauder  
  26  2:51  Marine  
  29  2:57  SCV  
  31  3:09  SCV  
  32  4:22  Barracks Tech Lab, Marine, SCV  
  32  4:23  Missile Turret  
  34  4:26  Supply Depot  
  34  4:27  Missile Turret  
  34  4:29  Factory  
  34  4:32  Sensor Tower  
  34  4:35  Barracks  
  33  4:39  Marine  
  33  4:43  Marauder  
  36  4:47  SCV  
  36  4:48  Bunker  
  36  4:49  Supply Depot  
  37  4:57  Marine  
  38  5:04  Marauder  
  39  5:15  Marine, Factory Tech Lab, Starport  
  39  5:17  Armory  
  36  5:23  Barracks Reactor  
  36  5:25  Marine  
  34  5:33  Marine  
  35  5:43  Marine  
  36  5:51  Command Center, Marauder  
  36  5:53  Starport Tech Lab  
  38  6:01  Marine  
  39  6:13  Raven, Marauder  
  42  6:48  Hellion  
  40  6:56  Raven  
  40  6:57  Marauder  
  38  7:03  SCV  
  38  7:06  SCV, Marauder  
  40  7:15  SCV  
  41  7:18  Marauder, SCV  
  41  7:22  Marine  
  44  7:27  Missile Turret, SCV  
  44  7:28  Missile Turret  
  46  7:30  Refinery, SCV  
  46  7:31  Marine  
  46  7:32  Refinery  
  48  7:39  Viking, SCV  
  48  7:42  SCV  
  52  7:47  Marine  
  52  7:49  Bunker  
  53  7:51  SCV  
  53  7:54  SCV  
  53  7:55  Marine  
  56  8:03  SCV  
  56  8:04  Marine  
  57  8:06  SCV  
  57  8:08  Medivac  
  57  8:11  Factory  
  60  8:15  Starport, SCV  
  60  8:17  Supply Depot  
  45  8:38  Banshee  
  43  8:57  Factory Tech Lab, Fusion Core  
  43  8:58  Marine  
  40  9:16  Marine  
  39  9:21  Raven  
  39  9:23  Marine  
  35  9:30  Marine  
  35  9:37  Marine  
  27  9:48  Marine, SCV  
  27  9:55  Marine  
  27  10:02  SCV  
  16  10:14  Command Center, SCV  
  16  10:26  SCV  
  14  10:56  SCV  
  15  11:30  SCV  
  16  11:55  Supply Depot  
  16  11:58  SCV  
  17  12:04  SCV  
  18  12:11  SCV  
  19  12:18  SCV  
  20  12:24  SCV  
  21  12:32  SCV  
  22  12:41  SCV  
  23  12:48  SCV  
  19  12:54  SCV  
  14  13:07  SCV  
Show
View Real Time Build Order
Export as new Build Order

zekealpha Zerg - Winner!

Build Orders: Hatch First 

Get SALT Encoding   

  12  0:15  Overlord  
  12  0:21  Drone x2  
  14  0:34  Drone  
  15  0:40  Drone  
  16  0:48  Drone  
  17  0:57  Hatchery  
  17  1:04  Drone  
  17  1:09  Extractor  
  16  1:18  Spawning Pool  
  16  1:24  Evolution Chamber  
  14  1:25  Drone  
  14  1:31  Drone  
  16  1:36  Drone  
  17  1:42  Extractor  
  17  1:43  Drone  
  17  1:54  Drone  
  18  2:07  Drone  
  19  2:12  Drone  
  19  2:13  Roach Warren  
  19  2:28  Drone  
  19  2:29  Drone x2  
  22  2:34  Drone  
  23  2:40  Drone  
  23  2:43  Drone  
  25  2:50  Overlord  
  25  2:55  Zerg Missile Weapons Level 1  
  25  3:00  Lair  
  25  3:06  Roach  
  27  3:15  Queen  
  29  3:20  Roach  
  31  3:46  Roach  
  33  3:50  Overlord  
  33  4:06  Glial Reconstitution  
  33  4:09  Queen  
  35  4:12  Roach  
  35  4:13  Roach x2  
  35  4:14  Overlord  
  41  5:00  Roach  
  41  5:01  Roach x3  
  41  5:24  Roach x2  
  41  5:25  Roach x2  
  41  5:26  Overlord  
  41  5:28  Queen  
  51  5:49  Zerg Missile Weapons Level 2  
  51  5:52  Drone  
  51  5:53  Drone x6  
  58  6:29  Roach  
  60  6:33  Overlord  
  50  6:56  Roach x3  
  50  6:57  Overlord, Roach  
  48  7:13  Roach x4  
  48  7:14  Overlord  
  56  7:30  Extractor  
  56  7:32  Extractor  
  56  7:37  Roach x3  
  56  7:38  Roach  
  56  7:40  Overlord  
  62  8:00  Roach x3  
  62  8:01  Overlord, Roach  
  70  8:14  Roach x4  
  70  8:15  Overlord  
  68  8:57  Roach x3  
  68  8:58  Roach  
  68  8:59  Overlord  
  78  9:24  Roach x3  
  78  9:25  Roach  
  78  9:26  Overlord  
  56  10:57  Hydralisk Den  
  55  11:13  Infestation Pit  
  54  11:33  Muscular Augments  
  54  11:34  Metabolic Boost  
  54  11:35  Zerg Melee Weapons Level 1  
  54  11:37  Tunneling Claws  
  54  11:41  Hydralisk x2  
  54  11:42  Hydralisk x2  
  54  11:43  Overlord  
  62  11:53  Pathogen Glands  
  62  12:10  Hydralisk x3  
  62  12:11  Hydralisk, Overlord  
  70  12:45  Grooved Spines  
  70  12:50  Neural Parasite  
  70  13:30  Zerg Ground Armor Level 1  
  70  16:05  Swarm Host  
Tags
 
Add a new tag
Caveats
  • Supply blocks, unpowered buildings, or Contaminate may cause inaccurate times.
  • Supply counts are checked every 10 seconds.